 Dungeon Crawl Stone Soup version 0.26.1-10-gdfb7c7de75 (webtiles) character file.

Game seed: 2648284567297521412

975 nightchill the Chopper (level 8, -1/64 HPs)
             Began as a Formicid Fighter on Apr 6, 2021.
             Was a Believer of Elyvilon.
             Killed by divine providence
             ... invoked by an orc priest
              (12 damage)
             ... on level 4 of the Dungeon.
             The game lasted 00:06:21 (5184 turns).

nightchill the Chopper (Formicid Fighter)           Turns: 5184, Time: 00:06:21

Health: -1/64      AC:  8    Str: 24    XL:     8   Next: 39%
Magic:  11/11      EV:  8    Int:  7    God:    Elyvilon [**....]
Gold:   242        SH:  9    Dex: 10    Spells: 7/7 levels left

rFire    . . .     SeeInvis +   a - +0 war axe
rCold    . . .     Faith    .   c - +0 kite shield
rNeg     . . .     Spirit   .   b - +0 scale mail
rPois    .         Reflect  .   (helmet unavailable)
rElec    .         Harm     .   (no cloak)
rCorr    .         Rampage  .   s - +0 pair of gloves
Will     .....                  (no boots)
Stlth    ..........             (no amulet)
HPRegen  0.20/turn              (no ring)
MPRegen  0.12/turn              (no ring)

@: no status effects
A: permanent stasis, dig shafts and tunnels, four strong arms, antennae 3
a: Dig, Shaft Self, Renounce Religion, Lesser Healing, Heal Other, Divine
Protection


You were on level 4 of the Dungeon.
You worshipped Elyvilon.
Elyvilon was pleased with you.
You visited 1 branch of the dungeon, and saw 4 of its levels.

You collected 242 gold pieces.

Inventory:

Hand Weapons
 a - a +0 war axe (weapon)
Armour
 b - a +0 scale mail (worn)
 c - a +0 kite shield (worn)
 s - a +0 pair of gloves (worn)
Jewellery
 d - a +6 ring of intelligence {unknown}
 t - an uncursed ring of protection from fire {unknown}
 w - the ring of Falismy {+Inv rPois Will+ Str+2, unknown}
   (You found it on level 4 of the Dungeon)

   [ring of willpower]

   It affects your strength (+2).
   It protects you from poison.
   It affects your willpower, your defense against some magical effects.
   It lets you turn invisible.
Scrolls
 e - 5 scrolls of identify {unknown}
 f - a scroll of blinking {unknown}
 g - 2 scrolls of immolation {unknown}
 i - 3 scrolls of remove curse {unknown}
 m - 3 scrolls of teleportation {unknown}
 n - a scroll of noise {unknown}
 r - a scroll of magic mapping {unknown}
 v - a scroll of enchant weapon {unknown}
Potions
 h - 2 potions of cancellation {unknown}
 j - 2 potions of heal wounds {unknown}
 k - a potion of degeneration {unknown}
 l - 3 potions of curing {unknown}
 o - 4 potions of flight {unknown}
 p - a potion of haste {unknown}
 q - a potion of berserk rage {unknown}
 u - 3 potions of attraction {unknown}
 x - a potion of resistance {unknown}
 z - a potion of brilliance {unknown}


   Skills:
 + Level 6.2 Fighting
 * Level 7.1 Axes
 - Level 3.2 Armour
 - Level 3.6 Shields
 + Level 4.0 Invocations


You had 7 spell levels left.
You didn't know any spells.
Your spell library contained the following spells:

 Spells                   Type           Power        Failure   Level
 Magic Dart               Conj           0%           98%         1
 Call Imp                 Summ           0%           99%         2
 Slow                     Hex            0%           99%         2
 Conjure Flame            Conj/Fire      0%           100%        3
 Mephitic Cloud           Conj/Pois/Air  0%           100%        3
 Blink                    Tloc           Unusable     N/A         2

Dungeon Overview and Level Annotations

Branches:
Dungeon (4/15)
 Temple: D:4-7

Altars:
Ashenzari
Elyvilon
Makhleb
Nemelex Xobeh
Okawaru
The Shining One

Annotations:
D:2 , 1 runed translucent door, Crazy Yiuf
D:3 1 runed translucent door, ZZKoverts's ghost, amateur OpEn


Innate Abilities, Weirdness & Mutations

You cannot be hasted, slowed, berserked, paralysed or teleported.
You can dig through walls and to a lower floor.
Your four strong arms can wield two-handed weapons with a shield.
You have a pair of large antennae on your head. (SInv)


Message History

The orc priest is almost dead.
The orc priest closely misses you.
You hit the orc priest.
You kill the orc priest!
The orc priest mumbles some strange prayers to Beogh against you.
Pain shoots through your body!
* * * LOW HITPOINT WARNING * * *
You closely miss the orc priest.
The orc wizard mumbles some strange words.
The orc wizard blinks!
The orc priest mumbles some strange prayers to Beogh against you.
Pain shoots through your body!
* * * LOW HITPOINT WARNING * * *
You closely miss the orc priest. The orc priest hits you with a +0 club.
* * * LOW HITPOINT WARNING * * *
You hit the orc priest.
The orc priest is moderately wounded.
The orc priest invokes the aid of Beogh against you.
Beogh smites you!
You die...

..###.#.##.##
#........#
#.....#.##..#
#........#
..#####.###.#
#...$....## .##
#...# #.#
#....o.....
#####.#####.#
#.........#
............##
#.?.......#
#.#.#######..#
#..........
#.#+#######..#
#o##.##.... {
#.........#..###@#
.# ...
#.........#...##.#
.# .
#.........#.#.##.#
.#
.(#'#######.#.##.#
.# #######
............#^.#.#
.# #.......
.##.....######.#.#
........
.######.######...#
#.######
.................#
#.# #
#######.###.##...#
#.# #


You could see an orc priest and an orc wizard (fast).

Vanquished Creatures
  Sigmund (D:4)
  An ice beast (D:2)
  An ogre (D:4)
  A phantom (D:4)
  A scorpion (D:4)
  2 hounds
  An orc priest (D:4)
  A bullfrog skeleton (D:3)
  Jessica (D:2)
  A worker ant (D:4)
  2 orc wizards
  A killer bee zombie (D:4)
  A worker ant zombie (D:2)
  8 gnolls
  2 howler monkey skeletons (D:4)
  5 adders
  2 oozes
  2 adder skeletons (D:4)
  A worm (D:4)
  A dart slug (D:3)
  3 leopard geckos
  17 orcs
  2 giant cockroaches (D:3)
  6 goblins
  7 hobgoblins
  5 jackals
  2 quokkas
  9 bats
  4 frilled lizards
  7 kobolds
  7 rats
105 creatures vanquished.

Notes
Turn   | Place    | Note
-------+----------+-------------------------------------------
     0 | D:1      | nightchill the Formicid Fighter began the quest for the
                  | Orb.
     0 | D:1      | Reached XP level 1. HP: 18/18 MP: 1/1
    91 | D:1      | Reached XP level 2. HP: 21/24 MP: 2/2
   422 | D:1      | Reached XP level 3. HP: 30/30 MP: 3/3
   492 | D:1      | Reached skill level 3 in Axes
   689 | D:2      | Noticed Jessica
   697 | D:2      | Killed Jessica
   698 | D:2      | Reached XP level 4. HP: 35/37 MP: 4/4
   841 | D:2      | Found a transporter.
   853 | D:2      | Found a transporter.
   855 | D:2      | Noticed an ice beast
   861 | D:2      | Found a white marble altar of Elyvilon.
   889 | D:2      | Found an iron altar of Okawaru.
   889 | D:2      | Found a burning altar of Makhleb.
  1252 | D:2      | Reached skill level 4 in Axes
  1419 | D:2      | Reached XP level 5. HP: 39/42 MP: 5/5
  1604 | D:2      | Found a runed translucent door.
  1605 | D:2      | Noticed Crazy Yiuf
  1950 | D:2      | Killed an ice beast
  1951 | D:2      | Reached XP level 6. HP: 49/50 MP: 6/6
  1974 | D:2      | Became a worshipper of Elyvilon the Healer
  2171 | D:3      | Found a runed translucent door.
  2177 | D:3      | Noticed ZZKoverts's ghost (amateur OpEn)
  2200 | D:3      | Reached skill level 5 in Axes
  2228 | D:3      | Found a broken altar of Ashenzari.
  2568 | D:3      | Reached * piety under Elyvilon
  2625 | D:3      | Found a sparkling altar of Nemelex Xobeh.
  2833 | D:3      | Reached skill level 5 in Fighting
  2833 | D:3      | Reached skill level 1 in Invocations
  3174 | D:4      | Reached XP level 7. HP: 52/56 MP: 8/8
  3388 | D:4      | Got a twitching brass ring
  3632 | D:4      | Reached skill level 6 in Axes
  3646 | D:4      | Elyvilon protects you from harm!
  4245 | D:4      | Found a glowing golden altar of the Shining One.
  4559 | D:4      | Reached ** piety under Elyvilon
  4597 | D:4      | Noticed Sigmund
  4633 | D:4      | Killed Sigmund
  4634 | D:4      | Reached XP level 8. HP: 41/64 MP: 10/10
  5171 | D:4      | Reached skill level 7 in Axes
  5184 | D:4      | Killed from afar by an orc priest

Illustrated notes

Levels and vault maps discovered:
D:1:      nicolae_arrival_washed_ashore, layout_rooms,
          chequers_serial_rivers_large_a, chequers_avenue
D:2:      layout_loops_ring, gammafunk_temple_overflow_arena,
          uniq_crazy_yiuf_cottage, uniq_jessica
D:3:      layout_basic, nemelex_altar_shiori, marbit_many_paths,
          ebering_ghost_sewer_d
D:4:      layout_basic, tso_oasis_becter, minmay_cupped, uniq_sigmund

Skill      XL: |  1  2  3  4  5  6  7  8 |
---------------+-------------------------+-----
Axes           | 3 4 5 6 7 |  7.1
Fighting       | 4 5 6 |  6.2
Invocations    | 1 3 4 |  4.0
Armour         | |  3.2
Shields        | |  3.6

Action                   |  1- 3 |  4- 6 |  7- 9 || total
-------------------------+-------+-------+-------++-------
Melee: War axe           |    59 |   181 |   185 ||   425
 Abil: Dig               |       |       |     1 ||     1
  Use: Potion            |       |     1 |       ||     1
Armor: Scale mail        |    28 |    62 |    52 ||   142
Dodge: Dodged            |    23 |    65 |    49 ||   137
Block: Kite shield       |    40 |    96 |    79 ||   215
